 Dungeon Crawl Stone Soup version 0.32-a0-38-gb04dd89b9b (webtiles) character file.

Game seed: 8865626032927149807

1327 Newt the Changeling (level 8, -1/52 HPs)
             Began as an Octopode Shapeshifter on Jan 23, 2024.
             Slain by a hound (3 damage)
             ... on level 6 of the Dungeon.
             The game lasted 00:05:37 (5252 turns).

Newt the Changeling (Octopode Shapeshifter)         Turns: 5252, Time: 00:05:38

Health: -1/52      AC: -7    Str: 13 (14) XL:     8   Next: 60%
Magic:  17/17      EV: 14    Int: 14 (17) God:
Gold:   304        SH:  0    Dex: 12 (13) Spells: 7/7 levels left

rFire   + +          .
                       - Unarmed
rCold   x x .        (no shield)
rNeg    + + .        (helmet currently unavailable)
rPois   .            d - amulet of the acrobat
rElec   +            j - ring "Wicil" {Fire rN+ MP+9 Stlth+}
rCorr   .            u - ring of positive energy
SInv    .            v - ring "Tenebue" {Fire Fly rElec Int+5}
Will    .....        (no ring)
Stlth   +++          (no ring)
HPRegen 0.28/turn    (no ring)
MPRegen 0.15/turn    (no ring)
                     (no ring)

%: acrobat
@: mighty, beast-form, corroded, flying, hasted, very quick
A: beast (slay +4), almost no armour, amphibious, 8 rings, camouflage 1,
gelatinous body 1, (nimble swimmer 1), tentacles
a: Begin Untransformation


You were on level 6 of the Dungeon.
You were a hulking beast.
You visited 2 branches of the dungeon, and saw 7 of its levels.

You collected 304 gold pieces.

Inventory:

Missiles
 n - 11 poisoned darts (quivered)
Jewellery
 d - an amulet of the acrobat (around mantle)
 j - the ring "Wicil" (left tentacle) {Fire rN+ MP+9 Stlth+}
   (You found it on level 2 of the Dungeon)

   [ring of fire]

   Fire:      It enhances your fire magic.
   rF+:       It protects you from fire.
   rC-:       It makes you vulnerable to cold.
   rN+:       It protects you from negative energy.
   MP+9:      It affects your magic capacity (+9).
   Stlth+:    It makes you more stealthy.
 u - a ring of positive energy (right tentacle)
 v - the ring "Tenebue" (on tentacle) {Fire Fly rElec Int+5}
   (You found it on level 6 of the Dungeon)

   [ring of fire]

   Fire:      It enhances your fire magic.
   Int+5:     It affects your intelligence (+5).
   rF+:       It protects you from fire.
   rC-:       It makes you vulnerable to cold.
   rElec:     It insulates you from electricity.
   Fly:       It grants you flight.
Talismans
 b - a beast talisman (active)
 c - a flux talisman
Scrolls
 g - 3 scrolls of teleportation
 m - a scroll of torment
 p - a scroll of vulnerability
 s - a scroll of revelation
Potions
 a - 4 potions of lignification
 e - 2 potions of degeneration
 f - 2 potions of cancellation
 h - a potion of haste
 i - a potion of might
 k - a potion of enlightenment {unknown}
 l - a potion of heal wounds {unknown}
 o - a potion of ambrosia {unknown}
 q - a potion of curing {unknown}
 r - a potion of brilliance {unknown}
 t - a potion of mutation {unknown}


   Skills:
 - Level 3.0 Fighting
 - Level 5.0 Dodging
 + Level 5.9 Unarmed Combat
 - Level 7.0 Shapeshifting


You had 7 spell levels left.
You didn't know any spells.
Your spell library contained the following spells:

 Spells                   Type           Power      Damage    Failure   Level
 Slow                     Hex            0%         N/A       28%         1
 Confusing Touch          Hex            0%         N/A       65%         3
 Sigil of Binding         Hex            0%         N/A       65%         3
 Vampiric Draining        Necr           0%         2d6       65%         3
 Leda's Liquefaction      Alch/Erth      0%         N/A       96%         4
 Lee's Rapid Deconstruct  Erth           0%         3d4*      100%        5
 Bombard                  Conj/Erth      0%         9d1       100%        6


Dungeon Overview and Level Annotations

Branches:
Dungeon (6/15)             Temple (1/1) D:5

Altars:
Ashenzari
Cheibriados
Fedhas
Gozag
Kikubaaqudgha
Makhleb
Nemelex Xobeh
Qazlal
Trog
Zin


Innate Abilities, Weirdness & Mutations

You are a hulking beast.
Your limbs bulge with bestial killing power. (Slay +4)
You cannot wear most types of armour.
You are amphibious.
You can wear up to eight rings at the same time.
Your skin changes colour to match your surroundings (Stealth+).
Your rubbery body absorbs attacks. (AC +1, EV +1)
((You are camouflaged when in or above water. (Stealth+)))
You have tentacles for arms and can constrict up to eight enemies at once.


Message History

The acid corrodes you!
Your tentacles burn!
* * * LOW HITPOINT WARNING * * *
You squeeze the jelly.
You kill the jelly!
Unknown command.
You start resting.
A hound comes into view.
A hound is nearby!
You closely miss the hound.
The hound barks!
Your grab misses the hound. The hound bites you.
* * * LOW HITPOINT WARNING * * *
Unknown command.
You tentacle-slap the hound. Your grab misses the hound.
The hound is moderately wounded.
The hound barely misses you. The hound bites you.
* * * LOW HITPOINT WARNING * * *
Unknown command.
You closely miss the hound. Your grab misses the hound.
Your squeeze misses the hound.
The hound is moderately wounded.
The hound bites you.
* * * LOW HITPOINT WARNING * * *
Unknown command.
Unknown command.
Okay, then.
It was a potion of degeneration.
There was something very wrong with that liquid.
You feel weakened.
You feel dopey.
You feel clumsy. The hound barely misses you. The hound closely misses you.
It was a potion of haste.
You feel yourself speed up. The hound closely misses you.
Okay, then.
The hound attacks as it pursues you! The hound bites you.
* * * LOW HITPOINT WARNING * * *
It was a potion of might.
You feel very mighty all of a sudden.
The hound stops to sniff the ground.
The hound bites you.
You die...

......#
.#######).....#
......
............#.# !...#
#######.#####.# #...#
######.# #.# #...#
#..[...# #.# #...#
#<####.# #.# #..# #.#
#.# #># #
#.h####.####<# ###.#
#.###.##..h..>......#
#...#
.........#####.######
#.### .........# #.#
#.# #.#####.## #.#
#.# #.# #.# #.# #.#
#.# #.# #.# #.# #.#
#.# #.# #.# #%# #.#
#.#


You could see a hound.

Vanquished Creatures
  Grinder (D:5)
  A water moccasin (D:4)
  A black bear (D:5)
  2 ogres (D:4)
  A phantom (D:4)
  A bullfrog (D:6)
  A scorpion (D:5)
  A crimson imp (D:5)
  3 orc priests
  3 hounds
  2 jellies
  A sleepcap (D:3)
  2 orc wizards
  3 gnolls (D:4)
  7 adders
  A white imp (D:5)
  2 ufetubi (D:5)
  4 ribbon worms
  18 orcs
  4 ball pythons
  4 bats
  7 endoplasms
  8 giant cockroaches
  8 goblins
  12 hobgoblins
  2 jackals (D:1)
  2 quokkas
  A frilled lizard (D:3)
  7 kobolds
  3 rats
113 creatures vanquished.

Notes
Turn   | Place    | Note
-------+----------+-------------------------------------------
     0 | D:1      | Newt the Octopode Shapeshifter began the quest for the Orb.
     0 | D:1      | Reached XP level 1. HP: 13/13 MP: 1/1
    88 | D:1      | Reached XP level 2. HP: 13/19 MP: 2/2
   147 | D:1      | Found a faded altar of an unknown god.
   547 | D:2      | Reached XP level 3. HP: 18/25 MP: 3/3
   691 | D:2      | Identified the ring "Wicil" {Fire rN+ MP+9 Stlth+}
   764 | D:2      | Reached XP level 4. HP: 28/31 MP: 4/4
   800 | D:2      | Found a broken altar of Ashenzari.
  1244 | D:3      | Reached skill level 4 in Shapeshifting
  1505 | D:3      | Reached XP level 5. HP: 33/36 MP: 5/5
  1709 | D:3      | Found a bloodstained altar of Trog.
  1908 | D:3      | Reached skill level 5 in Shapeshifting
  2149 | D:4      | Reached XP level 6. HP: 42/42 MP: 6/6
  2318 | D:4      | Noticed a water moccasin
  2538 | D:4      | Reached skill level 6 in Shapeshifting
  2571 | D:4      | Reached XP level 7. HP: 33/46 MP: 7/7
  2607 | D:4      | Reached skill level 7 in Shapeshifting
  2895 | D:4      | Found a stormy altar of Qazlal.
  3381 | D:4      | Found a blossoming altar of Fedhas.
  3492 | D:5      | Entered Level 5 of the Dungeon
  4029 | D:5      | Found a staircase to the Ecumenical Temple.
  4040 | Temple   | Entered the Ecumenical Temple
  4076 | D:5      | Reached XP level 8. HP: 47/52 MP: 8/8
  4102 | D:5      | Noticed Grinder
  4107 | D:5      | Paralysed by Grinder for 2 turns
  4114 | D:5      | Paralysed by Grinder for 3 turns
  4117 | D:5      | Killed Grinder
  4118 | D:5      | Reached skill level 5 in Dodging
  4344 | D:5      | Found an opulent altar of Gozag.
  4352 | D:5      | Reached skill level 5 in Unarmed Combat
  4444 | D:5      | Identified the +5 hand axe "Pud Neteit" {freeze, rF- Int+6}
  4960 | D:6      | Identified the ring "Tenebue" {Fire Fly rElec Int+5}
  5251 | D:6      | HP: 2/52 [hound (3)]
  5252 | D:6      | Slain by a hound

Illustrated notes

Levels and vault maps discovered:
D:1:      wander_arrival_fairy_ring, layout_rooms, ebering_ecumenical_altar_mist
D:2:      layout_loops_ring, basic_altar
D:3:      kennysheep_big_flooded_room, layout_loops_ring,
          mainiacjoe_overflow_alcove_1
D:4:      layout_rooms, mainiacjoe_overflow_boulevard, fedhas_altar_fruit_tree
D:5:      layout_gridville, mainiacjoe_overflow_24_doors, temple_statues,
          minmay_tree_intersection, minivault_4, minmay_fire_ice_demons,
          uniq_grinder
D:6:      layout_loops_ring, lemuel_crystal_altar
Temple:   hellmonk_temple_rainy

Skill      XL: |  1  2  3  4  5  6  7  8 |
---------------+-------------------------+-----
Fighting       | 2 3 |  3.0
Shapeshifting  | 4 5 6 7 |  7.0
Dodging        | 4 5 |  5.0
Unarmed Combat | 5 |  5.9

Action                     |  1- 3 |  4- 6 |  7- 9 || total
---------------------------+-------+-------+-------++-------
  Melee: Unarmed           |    61 |   112 |    90 ||   263
         Constrict         |    17 |    30 |    22 ||    69
         Tentacles         |    13 |    28 |    24 ||    65
         Punch             |     1 |     4 |     3 ||     8
    Use: Scroll            |       |    12 |     1 ||    13
         Potion            |       |       |     3 ||     3
   Stab: Sleeping          |     5 |    13 |     6 ||    24
         Distracted        |       |     1 |     1 ||     2
 Armour: Skin              |    13 |    31 |    53 ||    97
  Dodge: Dodged            |    38 |    68 |    62 ||   168
   Form: Beast             |     1 |       |       ||     1

Table legend: (Time is in decaauts)
 A = Elapsed time spent in this place.
 B = Non-inter-level travel time spent in this place.
 C = Inter-level travel time spent in this place.
 D = Time resting spent in this place.
 E = Time spent auto-exploring this place.
 F = Levels seen in this place.
 G = Mean time per level.
                   A        B        C        D        E       F      G
               +--------+--------+--------+--------+--------+-----+--------+
         Total |   5233 |   5064 |    169 |   1443 |   2812 |   7 |  747.6 |
       Dungeon |   5232 |   5063 |    169 |   1443 |   2812 |   6 |  872.0 |
        Temple |      1 |      1 |      0 |      0 |      0 |   1 |    1.0 |
               +--------+--------+--------+--------+--------+-----+--------+

Top non-repeatable levels by time:
     D:4: 1388 daAuts
     D:5: 1175 daAuts
     D:3: 1100 daAuts
     D:2: 722 daAuts
     D:1: 504 daAuts
     D:6: 340 daAuts
  Temple: 1 daAuts
